 Dungeon Crawl Stone Soup version 0.24-a0-70-gf44d0c5 (webtiles) character file.

Game seed: 12388774382182807507

1193 Kairos the Chopper (level 8, -1/73 HPs)
             Began as a Deep Dwarf Fighter on Feb 6, 2019.
             Was an Initiate of Makhleb.
             Slain by a centaur (3 damage)
             ... on level 5 of the Dungeon.
             The game lasted 00:11:04 (2940 turns).

Kairos the Chopper (Deep Dwarf Fighter)             Turns: 2940, Time: 00:11:04

Health: -1/73      AC: 15    Str: 21    XL:     8   Next: 20%
Magic:  7/7        EV:  9    Int: 10    God:    Makhleb [......]
Gold:   189        SH: 10    Dex: 12    Spells: 7/7 levels left

rFire    . . .     SeeInvis .   a - +0 war axe
rCold    . . .     Gourm    .   c - +0 shield
rNeg     . . .     Faith    .   b - +2 scale mail
rPois    .         Spirit   .   (no helmet)
rElec    .         Reflect  .   (no cloak)
rCorr    .         Harm     .   q - +2 pair of gloves
MR       +....                  y - +2 pair of boots
Stlth    ..........             (no amulet)
HPRegen  0.00/turn              (no ring)
MPRegen  0.10/turn              (no ring)

@: non-regenerating
A: damage resistance, heal wounds, sense surroundings 1, no regeneration
a: Heal Wounds, Renounce Religion


You were on level 5 of the Dungeon.
You worshipped Makhleb.
Makhleb was noncommittal.
You were very hungry.

You visited 1 branch of the dungeon, and saw 5 of its levels.

You collected 189 gold pieces.

Inventory:

Hand Weapons
 a - a +0 war axe (weapon)
 s - a +0 hunting sling
 x - a +2 flail of crushing
Missiles
 l - 90 bolts
 n - a throwing net (quivered)
Armour
 b - a +2 scale mail (worn)
 c - a +0 shield (worn)
 q - a +2 pair of gloves (worn)
 y - a +2 pair of boots (worn)
Scrolls
 e - a scroll of amnesia
 i - 2 scrolls of remove curse
 k - 2 scrolls of teleportation
 p - a scroll of noise
Potions
 d - a potion of might
 g - 2 potions of flight {unknown}
 j - a potion of berserk rage {unknown}
 o - 2 potions of heal wounds {unknown}
 t - a potion of curing {unknown}
 u - 2 potions of brilliance {unknown}
 v - a potion of ambrosia {unknown}
 z - a potion of agility {unknown}
 A - a potion of cancellation {unknown}
 B - a potion of mutation {unknown}
Comestibles
 f - 5 rations


   Skills:
 + Level 4.7 Fighting
 + Level 7.7 Axes
 + Level 0.2 Throwing
 + Level 4.7 Armour
 + Level 2.2 Dodging
 + Level 0.8 Stealth
 + Level 5.4 Shields


You had 7 spell levels left.
You didn't know any spells.
Your spell library was empty.

Dungeon Overview and Level Annotations

Branches:
Dungeon (5/15)
 Temple: D:4-7

Altars:
Makhleb
The Shining One

Annotations:
D:4 Grinder


Innate Abilities, Weirdness & Mutations

You are resistant to damage.
You can heal yourself by infusing magical energy.
You passively map a small area around you.
You do not regenerate.


Message History

* * * LOW HITPOINT WARNING * * *
You hit the yak.
The yak is severely wounded.
The yak gores you but does no damage.
Your scale mail prevents you from hitting the yak.
The yak is severely wounded.
The yak gores you!
* * * LOW HITPOINT WARNING * * *
You hit the yak but do no damage.
The yak is severely wounded.
The yak gores you but does no damage.
You slash the yak!
You kill the yak!
Makhleb accepts your kill.
The centaur unwields a +0 shortbow.
The centaur hits you but does no damage.
Your shield prevents you from hitting the centaur.
The centaur hits you but does no damage.
You barely miss the centaur. The centaur hits you.
You die...

, ,, ........#..†.# #..#
, ,....#..........# #.##
...............# #.##
...............###.†##
...............#...).#
.......$...###...###(####
,#.....######.###......#
#.....##.......#..<...# ,
,#..#.Yc@)......#......#
....%..Y##.......#......#
....<..###.......#......#
, .....#.,
#########......# .......,
* #......# #...#.#
#......# * ##.,.. , ,
##.##### #.c.# , * , *,


You could see 2 yaks and a centaur.

Vanquished Creatures
  Sigmund (D:2)
  3 yaks (D:5)
  A phantom (D:4)
  A centaur (D:5)
  A crimson imp (D:2)
  A hound (D:5)
  A jelly (D:5)
  An orc priest (D:3)
  3 bullfrog skeletons
  An iguana (D:4)
  Terence (D:2)
  2 worker ants (D:4)
  3 adders
  A shadow imp (D:4)
  3 oozes
  3 worms
  2 dart slugs (D:1)
  A leopard gecko (D:4)
  5 orcs (D:3)
  2 ball pythons
  4 giant cockroaches
  9 goblins
  A hobgoblin (D:1)
  3 jackals (D:1)
  3 quokkas
  4 bats
  4 frilled lizards
  8 kobolds
  A leopard gecko skeleton (D:4)
  4 rats
78 creatures vanquished.

Notes
Turn   | Place    | Note
-------+----------+-------------------------------------------
     0 | D:1      | Kairos the Deep Dwarf Fighter began the quest for the Orb.
     0 | D:1      | Reached XP level 1. HP: 20/20 MP: 1/1
   119 | D:1      | Reached XP level 2. HP: 25/27 MP: 2/2
  1006 | D:2      | Reached XP level 3. HP: 32/34 MP: 3/3
  1204 | D:2      | Reached skill level 3 in Axes
  1204 | D:2      | Reached XP level 4. HP: 30/42 MP: 4/4
  1279 | D:2      | Noticed Sigmund
  1293 | D:2      | Killed Sigmund
  1293 | D:2      | Reached skill level 4 in Axes
  1293 | D:2      | Reached skill level 1 in Dodging
  1293 | D:2      | Reached XP level 5. HP: 22/49 MP: 5/5
  1405 | D:2      | Found a glowing golden altar of the Shining One.
  1493 | D:2      | Noticed Terence
  1501 | D:2      | Killed Terence
  1732 | D:3      | Reached XP level 6. HP: 20/56 MP: 6/6
  1847 | D:3      | Reached skill level 5 in Axes
  2475 | D:4      | Noticed Grinder
  2617 | D:4      | Found a burning altar of Makhleb.
  2617 | D:4      | Noticed an Executioner
  2621 | D:4      | Noticed an orange demon
  2621 | D:4      | Noticed a neqoxec
  2623 | D:4      | Became a worshipper of Makhleb the Destroyer
  2713 | D:4      | Reached skill level 6 in Axes
  2732 | D:4      | Reached skill level 5 in Shields
  2732 | D:4      | Reached XP level 7. HP: 31/63 MP: 6/6
  2823 | D:5      | Entered Level 5 of the Dungeon
  2905 | D:5      | Noticed a yak
  2906 | D:5      | Noticed a yak
  2907 | D:5      | Noticed a yak
  2910 | D:5      | Noticed a yak
  2913 | D:5      | Noticed a yak
  2916 | D:5      | Killed a yak
  2916 | D:5      | Reached skill level 7 in Axes
  2927 | D:5      | Killed a yak
  2927 | D:5      | Reached XP level 8. HP: 11/73 MP: 7/7
  2936 | D:5      | HP: 2/73 [yak (7)]
  2940 | D:5      | Slain by a centaur

Vault maps used:
D:1:      dpeg_arrival_chase, layout_loops_corners, minivault_11
D:2:      layout_basic, tso_altar, hex_large, uniq_sigmund, uniq_terence
D:3:      minmay_evil_eye, layout_rooms, first_ration
D:4:      layout_cave_pools, makhleb_altar_promises_db, uniq_grinder
D:5:      layout_rooms

Skill      XL: |  1  2  3  4  5  6  7 |
---------------+----------------------+-----
Fighting       | 3 4 |  4.7
Axes           | 3 4 6 7 |  7.7
Shields        | 4 5 |  5.4
Dodging        | 1 2 |  2.2
Armour         | 4 |  4.7
Throwing       | |  0.2
Stealth        | |  0.8

Action                   |  1- 3 |  4- 6 |  7- 9 || total
-------------------------+-------+-------+-------++-------
Melee: War axe           |    89 |   147 |    54 ||   290
Throw: Throwing net      |     1 |     1 |       ||     2
 Abil: Heal Wounds       |       |     2 |     1 ||     3
  Use: Scroll            |       |       |    10 ||    10
  Eat: Chunk             |       |     6 |       ||     6
Armor: Scale mail        |    35 |    56 |    23 ||   114
Dodge: Dodged            |    25 |    55 |    20 ||   100
Block: Shield            |    45 |    91 |    18 ||   154

Table legend:
 A = Non-vault XP
 B = Vault XP
 C = Vault XP percentage of total XP
 D = Non-vault monster count
 E = Vault monster count
 F = Vault count percentage of total count
                 A         B        C        D         E       F
            +---------+---------+-------+---------+---------+-------
      Total |    1428 |     277 |  16.2 |      70 |       8 |  10.3
            +---------+---------+-------+---------+---------+-------
        D:1 |      38 |       0 |   0.0 |      16 |       0 |   0.0
        D:2 |      76 |     265 |  77.7 |      11 |       2 |  15.4
        D:3 |     111 |      12 |   9.8 |      21 |       6 |  22.2
        D:4 |     336 |       0 |   0.0 |      12 |       0 |   0.0
        D:5 |     867 |       0 |   0.0 |      10 |       0 |   0.0
            +---------+---------+-------+---------+---------+-------
